[Event "Titled Tuesday Blitz August 3 2021"]
[White "Politov, Pavel Y."]
[Black "Firat, Burak"]
[WhiteFideId "24110515"]
[BlackFideId "6305881"]
[WhiteElo "2090"]
[BlackElo "2531"]
[Result "0-1"]
[Round "01"]
[TimeControl "180+1"]
[Date "2021.08.03"]
[WhiteClock "0:00:04"]
[BlackClock "0:00:14"]

1. d4 d5 2. Nc3 Nf6 3. Bg5 e6 4. e4 dxe4 5. Nxe4 Nbd7 6. Nxf6+ Nxf6 7. Nf3 c5 8. c3 cxd4 9. Nxd4 Bc5 10. Bb5+ Bd7 11. Bxf6 gxf6 12. Qa4 Bxd4 13. cxd4 a6 14. Bxd7+ Qxd7 15. Qxd7+ Kxd7 16. Rc1 Rac8 17. Ke2 Rhg8 18. g3 Kd6 19. Ke3 f5 20. b3 Kd5 21. h4 b6 22. Kd3 a5 23. Rc4 b5 24. Rcc1 h6 25. Rhe1 f6 26. a4 b4 27. Rc4 Rxc4 28. bxc4+ Kd6 29. Rg1 e5 30. f3 h5 31. Rg2 Kc6 32. Rg1 Kd6 33. Rg2 f4 34. g4 hxg4 35. fxg4 f3 36. Rg3 f2 37. dxe5+ Kxe5 38. Ke2 Kd4 39. Kxf2 Kxc4 40. g5 fxg5 41. hxg5 b3 42. Ke2 b2 43. Rg1 Rxg5 44. Rb1 Kc3 45. Ke3 Rg4 46. Ke2 Rxa4 47. Ke3 Rh4 48. Ke2 a4 0-1


[Site "https://www.chess.com"]

[Event "Titled Tuesday Blitz August 3 2021"]
[White "Praggnanandhaa R"]
[Black "Daulyte-Cornette, Deimante"]
[WhiteFideId "25059530"]
[BlackFideId "12802859"]
[WhiteElo "2555"]
[BlackElo "2285"]
[Result "1-0"]
[Round "01"]
[TimeControl "180+1"]
[Date "2021.08.03"]
[WhiteClock "0:01:57"]
[BlackClock "0:00:01"]

1. b3 g6 2. Bb2 Nf6 3. Nf3 Bg7 4. g3 d6 5. d4 c5 6. Bg2 cxd4 7. Nxd4 d5 8. c4 e5 9. Nf3 e4 10. Nd4 dxc4 11. O-O O-O 12. bxc4 Na6 13. Nc3 Nc5 14. Ba3 Qa5 15. Ndb5 b6 16. Rc1 a6 17. Bxc5 bxc5 18. Nd6 Rd8 19. Ncxe4 Nxe4 20. Bxe4 Ra7 21. Nxc8 Rxd1 22. Rfxd1 Rc7 23. Rd8+ Bf8 24. Rb1 Qxa2 25. Rb8 Qxc4 26. Nd6 Qc1+ 27. Kg2 c4 28. Rxf8+ Kg7 29. Ne8+ Kxf8 30. Nxc7+ Ke7 31. Nxa6 c3 32. Nb4 Qd2 33. Bd3 Kf6 34. Rc8 Kg7 35. Nd5 h5 36. Rxc3 Qb2 37. Rc7 Qe5 38. Bc4 Qe4+ 39. f3 Qe5 40. Re7 Qb2 41. Nf4 Kh6 42. Rxf7 Qc3 43. Bd3 Qb3 44. Bxg6 1-0


[Site "https://www.chess.com"]

[Event "Titled Tuesday Blitz August 3 2021"]
[White "Quispe Arteaga, Gabriel"]
[Black "Shukhman, Anna"]
[WhiteFideId "32059809"]
[BlackFideId "54180058"]
[WhiteElo "2172"]
[BlackElo "1628"]
[Result "1-0"]
[Round "01"]
[TimeControl "180+1"]
[Date "2021.08.03"]
[WhiteClock "0:01:43"]
[BlackClock "0:00:52"]

1. d4 f5 2. c4 Nf6 3. g3 g6 4. Bg2 Bg7 5. Nf3 O-O 6. O-O d6 7. Nc3 Qe8 8. Re1 Qf7 9. d5 Ne4 10. Qc2 Na6 11. Be3 Nac5 12. Bd4 Nxc3 13. Bxc3 Ne4 14. Bxg7 Qxg7 15. Rac1 c5 16. dxc6 bxc6 17. Nd2 Rb8 18. b3 d5 19. cxd5 cxd5 20. Qc6 Nxd2 21. Qxd5+ Kh8 22. Qxd2 e5 23. Qd6 Bb7 24. Rc7 Rf7 25. Rxf7 1-0


[Site "https://www.chess.com"]

[Event "Titled Tuesday Blitz August 3 2021"]
[White "Quparadze, Giga"]
[Black "Prydun, Andriy"]
[WhiteFideId "13602250"]
[BlackFideId "14145898"]
[WhiteElo "2658"]
[BlackElo "2024"]
[Result "0-1"]
[Round "01"]
[TimeControl "180+1"]
[Date "2021.08.03"]
[WhiteClock "0:02:34"]
[BlackClock "0:00:25"]

1. e4 d5 2. exd5 Qxd5 3. Nc3 Qd6 4. d4 Nf6 5. Nf3 c6 6. Bc4 Bf5 7. Qe2 Nbd7 8. Bb3 e6 9. Bd2 Be7 10. O-O-O O-O 11. Nh4 Bg4 12. f3 Bh5 13. g4 Bg6 14. Nxg6 hxg6 15. h4 Nd5 16. Ne4 Qc7 17. h5 Nf4 18. Qh2 g5 19. h6 g6 20. h7+ Kh8 21. Qh6 c5 22. Nxg5 Ne2+ 23. Kb1 c4 24. Ba4 Nb6 25. Ba5 c3 26. Bb5 Qf4 27. Bxe2 Bxg5 28. Qh2 Qxh2 29. Rxh2 cxb2 30. c4 Rac8 31. c5 Nd5 32. Bb5 b6 33. Be1 bxc5 34. Rxb2 cxd4 35. Rb3 Nc3+ 36. Bxc3 dxc3 37. Kc2 Bd2 38. Bd3 Kxh7 39. Rb7 Kg7 40. Rdb1 Rh8 41. Rxa7 Rh2 42. Rbb7 Be3+ 43. Kb3 Bxa7 0-1


[Site "https://www.chess.com"]

[Event "Titled Tuesday Blitz August 3 2021"]
[White "Rasulov, Vugar"]
[Black "Isajevsky, Anton"]
[WhiteFideId "13402390"]
[BlackFideId "4142500"]
[WhiteElo "2553"]
[BlackElo "2510"]
[Result "1-0"]
[Round "01"]
[TimeControl "180+1"]
[Date "2021.08.03"]
[WhiteClock "0:01:40"]
[BlackClock "0:00:01"]

1. e4 c5 2. Nf3 d6 3. d4 cxd4 4. Nxd4 Nf6 5. Nc3 a6 6. Be3 e5 7. Nf3 Qc7 8. a4 Be7 9. Be2 O-O 10. a5 Nbd7 11. O-O b5 12. axb6 Nxb6 13. Nd2 Bb7 14. Bd3 d5 15. Bxb6 Qxb6 16. exd5 Nxd5 17. Nc4 Qe6 18. Qh5 g6 19. Qxe5 Qxe5 20. Nxe5 Nxc3 21. bxc3 Rfc8 22. Rab1 Bd5 23. c4 Be6 24. Be4 Ra7 25. Bd5 Bxd5 26. cxd5 Rxc2 27. Rfc1 Rxc1+ 28. Rxc1 Bf6 29. Nc6 Rd7 30. Rd1 Bc3 31. Rd3 Bf6 32. Kf1 Kg7 33. Ke2 h5 34. Kf3 g5 35. h3 Kg6 36. g4 hxg4+ 37. hxg4 Rd6 38. Ke4 Rd7 39. Ra3 1-0


[Site "https://www.chess.com"]

[Event "Titled Tuesday Blitz August 3 2021"]
[White "Rodrigue-Lemieux, Shawn"]
[Black "Dobre, Claudiu-Cristian"]
[WhiteFideId "2620049"]
[BlackFideId "1211854"]
[WhiteElo "1763"]
[BlackElo "2259"]
[Result "1/2-1/2"]
[Round "01"]
[TimeControl "180+1"]
[Date "2021.08.03"]
[WhiteClock "0:01:22"]
[BlackClock "0:01:10"]

1. c4 Nf6 2. g3 c6 3. Bg2 d5 4. Nf3 Bf5 5. cxd5 Bxb1 6. Rxb1 cxd5 7. O-O Nc6 8. d3 e6 9. Qa4 Qa5 10. Qxa5 Nxa5 11. Bd2 Nc6 12. Rfc1 Bd6 13. b4 Kd7 14. b5 Ne7 15. Nd4 Rhc8 16. e4 dxe4 17. dxe4 e5 18. Nf5 Nxf5 19. exf5 e4 20. Bc3 Ke7 21. Bxf6+ Kxf6 22. Bxe4 Ba3 23. Rxc8 Rxc8 24. Bxb7 Rc1+ 25. Rxc1 Bxc1 26. Be4 h6 27. Kg2 Ke5 28. Bc2 Kd4 29. f6 gxf6 30. Bb3 Kc5 31. a4 Kb4 32. Bd1 Bb2 33. Kf3 Bd4 34. h4 Bb6 35. h5 Kc3 36. Ke2 Kb4 37. f3 Bc7 38. g4 Kc3 39. Ke3 f5 40. gxf5 f6 41. Ke4 Kc4 42. Be2+ Kc5 43. Kd3 Ba5 44. Bd1 Bb6 45. Kc3 Ba5+ 46. Kd3 Bb6 47. Ke4 Ba5 1/2-1/2


[Site "https://www.chess.com"]

[Event "Titled Tuesday Blitz August 3 2021"]
[White "Rosenberg, Evan S"]
[Black "Maksimovic, Bojan"]
[WhiteFideId "2019299"]
[BlackFideId "14408120"]
[WhiteElo "2364"]
[BlackElo "2439"]
[Result "0-1"]
[Round "01"]
[TimeControl "180+1"]
[Date "2021.08.03"]
[WhiteClock "0:00:02"]
[BlackClock "0:00:05"]

1. Nf3 g6 2. e4 Bg7 3. d4 d6 4. c4 e5 5. Nc3 Nc6 6. Be3 Bg4 7. d5 Nd4 8. Be2 Bxf3 9. Bxf3 c5 10. dxc6 bxc6 11. O-O Ne7 12. Bxd4 exd4 13. Ne2 c5 14. e5 dxe5 15. Bxa8 Qxa8 16. Qa4+ Qc6 17. Qxa7 O-O 18. Qxe7 Bf6 19. Nxd4 cxd4 20. Qa3 Qxc4 21. Rac1 Qd5 22. Rfd1 e4 23. f3 Bg5 24. Rc5 Be3+ 25. Qxe3 Qxc5 26. Qxd4 Qa5 27. Qxe4 Qxa2 28. b4 Rb8 29. h4 h5 30. Kh2 Qa4 31. Rb1 Qb5 32. Rb3 Kg7 33. Qd4+ Kg8 34. Rc3 Re8 35. Rc4 Qb8+ 36. Qf4 Qb6 37. Re4 Rb8 38. Qe5 Qd8 39. b5 Rb6 40. Qe8+ Qxe8 41. Rxe8+ Kg7 42. Re5 Kf6 43. Rc5 Ke6 44. Kg3 f6 45. Kf4 Kd6 46. Rc8 Rxb5 47. Rg8 Ke6 48. Rxg6 Kf7 49. Rg3 Rb4+ 50. Kf5 Rb5+ 51. Kf4 Rb4+ 52. Kf5 Rb2 0-1


[Site "https://www.chess.com"]

[Event "Titled Tuesday Blitz August 3 2021"]
[White "Rottenwohrer Suarez, Juan"]
[Black "Xiong, Jeffery"]
[WhiteFideId "32068182"]
[BlackFideId "2047640"]
[WhiteElo "2158"]
[BlackElo "2724"]
[Result "1-0"]
[Round "01"]
[TimeControl "180+1"]
[Date "2021.08.03"]
[WhiteClock "0:01:57"]
[BlackClock "0:00:46"]

1. d4 d5 2. c4 c6 3. Nf3 Nf6 4. Nc3 dxc4 5. a4 Bf5 6. Ne5 Nbd7 7. Nxc4 Qc7 8. g3 e5 9. dxe5 Nxe5 10. Bf4 Nfd7 11. Bg2 g5 12. Bxe5 Nxe5 13. Qd4 f6 14. h4 Rd8 15. Qe3 Be7 16. Nxe5 Qxe5 17. Qxe5 fxe5 18. hxg5 Bxg5 19. Be4 Be6 20. Rxh7 Bd2+ 21. Kf1 Rxh7 22. Bxh7 Bh3+ 23. Kg1 Bxc3 24. bxc3 Rd2 25. Bd3 Kd7 26. f3 e4 27. fxe4 Rb2 28. Rb1 Rxb1+ 29. Bxb1 a5 30. Kf2 b5 31. Bc2 Kd6 32. Kf3 Be6 33. g4 Ke5 34. g5 b4 35. cxb4 axb4 36. a5 b3 37. Bb1 Kd4 38. a6 1-0


[Site "https://www.chess.com"]

[Event "Titled Tuesday Blitz August 3 2021"]
[White "Samadov, Read"]
[Black "Buscar, Michael"]
[WhiteFideId "13417444"]
[BlackFideId "2603616"]
[WhiteElo "2084"]
[BlackElo "2010"]
[Result "1-0"]
[Round "01"]
[TimeControl "180+1"]
[Date "2021.08.03"]
[WhiteClock "0:02:22"]
[BlackClock "0:00:25"]

1. d4 Nf6 2. c4 e6 3. Nf3 d5 4. Nc3 c5 5. cxd5 exd5 6. g3 Nc6 7. Bg2 Be7 8. O-O O-O 9. Bg5 c4 10. Ne5 Be6 11. b3 Qa5 12. Rc1 1-0


[Site "https://www.chess.com"]

[Event "Titled Tuesday Blitz August 3 2021"]
[White "Sanal, Vahap"]
[Black "Ronka, Erik"]
[WhiteFideId "6300545"]
[BlackFideId "505080"]
[WhiteElo "2495"]
[BlackElo "2264"]
[Result "1-0"]
[Round "01"]
[TimeControl "180+1"]
[Date "2021.08.03"]
[WhiteClock "0:01:01"]
[BlackClock "0:00:03"]

1. e4 c6 2. d4 d5 3. Nc3 dxe4 4. Nxe4 Bf5 5. Ng3 Bg6 6. h4 h6 7. Nf3 Nd7 8. h5 Bh7 9. Bd3 Bxd3 10. Qxd3 e6 11. Bd2 Qc7 12. O-O-O O-O-O 13. Ne4 Ngf6 14. g3 Nxe4 15. Qxe4 Bd6 16. c4 c5 17. Bc3 cxd4 18. Rxd4 Nf6 19. Qe2 Bc5 20. Rxd8+ Rxd8 21. Ne5 Bd4 22. Bxd4 Rxd4 23. f3 Ne4 24. fxe4 Qxe5 25. Rh4 f5 26. Rf4 Rxe4 27. Rxe4 fxe4 28. g4 Qf4+ 29. Kc2 Kc7 30. b4 e5 31. a3 e3 32. Kd3 e4+ 33. Kd4 Kd6 34. c5+ Ke6 35. Qc4+ Kf6 36. Qe2 Qe5+ 37. Kxe3 Qc3+ 38. Kxe4 Qxa3 39. Qf2+ Ke7 40. Qd4 Kf7 41. Qd5+ Kf6 42. Qe5+ Kf7 43. Qf4+ Ke7 44. Qc7+ Kf6 45. Qxb7 a5 46. Qc6+ Kf7 47. Qd7+ Kf6 48. Qd8+ Kf7 49. Qxa5 Kg8 1-0


[Site "https://www.chess.com"]

[Event "Titled Tuesday Blitz August 3 2021"]
[White "Sarana, Alexey"]
[Black "Shirazi, Kamran"]
[WhiteFideId "24133795"]
[BlackFideId "2000733"]
[WhiteElo "2646"]
[BlackElo "2317"]
[Result "1-0"]
[Round "01"]
[TimeControl "180+1"]
[Date "2021.08.03"]
[WhiteClock "0:00:41"]
[BlackClock "0:00:03"]

1. e4 d5 2. Nc3 dxe4 3. Nxe4 Nf6 4. Ng3 h5 5. h3 e5 6. d3 Bc5 7. Bg5 h4 8. Ne4 Bb6 9. Nf3 Nbd7 10. Nxf6+ Nxf6 11. Qe2 e4 12. dxe4 Qd7 13. c3 a6 14. Rd1 Qa4 15. Qc4 Bd7 16. e5 Ne4 17. Be3 Bxe3 18. fxe3 Ng3 19. Rg1 Nxf1 20. Qxf1 Qxa2 21. Qf2 O-O-O 22. Nd4 c5 23. Nf3 Ba4 24. Rc1 Qb3 25. Qe2 Rd7 26. Kf2 Rhd8 27. c4 Qb4 28. Rc3 Bc6 29. e4 Kb8 30. Rgc1 f6 31. exf6 gxf6 32. R1c2 Rd1 33. Qe3 Qa4 34. Nxh4 Qa1 35. Kg3 Rf1 36. Nf3 f5 37. Qf4+ Ka8 38. Qxf5 Rg8+ 39. Kf4 Rf2 40. Rxf2 Qc1+ 41. Rxc1 1-0


[Site "https://www.chess.com"]

[Event "Titled Tuesday Blitz August 3 2021"]
[White "Savchenko, Boris"]
[Black "Silva, Miguel Antonio Neto"]
[WhiteFideId "4147332"]
[BlackFideId "1911929"]
[WhiteElo "2542"]
[BlackElo "2283"]
[Result "1-0"]
[Round "01"]
[TimeControl "180+1"]
[Date "2021.08.03"]
[WhiteClock "0:02:10"]
[BlackClock "0:01:31"]

1. d4 Nf6 2. Bf4 d5 3. e3 c5 4. c3 Nc6 5. Nf3 Qb6 6. Na3 cxd4 7. exd4 a6 8. Rb1 Bf5 9. Bd3 Bxd3 10. Qxd3 e6 11. Nc2 Be7 12. O-O Nh5 13. Be5 O-O 14. h4 Nxe5 15. dxe5 Qb5 16. Qxb5 axb5 17. a3 Ra4 18. Ncd4 Nf4 19. g3 Nd3 20. Rfd1 Nc5 21. Nxb5 Ne4 22. Nd2 Nc5 23. Kg2 h6 24. b4 Nd7 25. f4 Rc8 26. c4 dxc4 27. Nxc4 1-0


[Site "https://www.chess.com"]

[Event "Titled Tuesday Blitz August 3 2021"]
[White "Savitha Shri B"]
[Black "Mekhitarian, Krikor Sevag"]
[WhiteFideId "35061887"]
[BlackFideId "2107660"]
[WhiteElo "2006"]
[BlackElo "2598"]
[Result "1-0"]
[Round "01"]
[TimeControl "180+1"]
[Date "2021.08.03"]
[WhiteClock "0:00:19"]
[BlackClock "0:00:01"]

1. e4 c5 2. Nf3 g6 3. c3 d5 4. exd5 Qxd5 5. d4 Bg7 6. dxc5 Qxc5 7. Be3 Qc7 8. Na3 a6 9. Nc4 Nd7 10. Bd4 e5 11. Be3 Ngf6 12. Nd6+ Ke7 13. Nxc8+ Rhxc8 14. Qb3 Kf8 15. Ng5 Nb8 16. Bb6 Qe7 17. Bc4 Nbd7 18. Bxf7 Nxb6 19. Qxb6 h6 20. Bxg6 hxg5 21. O-O-O Rc6 22. Qe3 Rac8 23. h4 g4 24. h5 Qb4 25. Qxe5 Rxc3+ 26. bxc3 Rxc3+ 27. Bc2 Bh6+ 28. Rd2 Bxd2+ 29. Kd1 Rc6 30. h6 Rd6 31. Bd3 Rxd3 32. Qxf6+ Ke8 33. Qg6+ Ke7 34. Qxd3 Bg5 35. Re1+ Kf6 36. Kc2 1-0


[Site "https://www.chess.com"]

[Event "Titled Tuesday Blitz August 3 2021"]
[White "Seletsky, Grigory"]
[Black "Dvirnyy, Danyyil"]
[WhiteFideId "14112191"]
[BlackFideId "817570"]
[WhiteElo "2492"]
[BlackElo "2531"]
[Result "1/2-1/2"]
[Round "01"]
[TimeControl "180+1"]
[Date "2021.08.03"]
[WhiteClock "0:00:04"]
[BlackClock "0:00:15"]

1. e4 e5 2. Nf3 Nc6 3. Bb5 a6 4. Ba4 Nf6 5. d3 b5 6. Bb3 Be7 7. O-O d6 8. a3 O-O 9. h3 Be6 10. c3 d5 11. Nbd2 Bc5 12. Re1 dxe4 13. dxe4 Qe7 14. Qc2 Nh5 15. Nf1 Rad8 16. Bg5 f6 17. Bc1 Nf4 18. Bxf4 exf4 19. Rad1 Ne5 20. Nd4 Bc4 21. Nh2 Qf7 22. Bxc4 bxc4 23. Nhf3 Nd3 24. Re2 Rfe8 25. b3 Ne5 26. b4 Bb6 27. Nxe5 fxe5 28. Nf3 Rd6 29. Rxd6 cxd6 30. Rd2 Qc7 31. Rd5 h6 32. Qa4 Ra8 33. Kh2 Kh7 34. Qc2 a5 35. b5 a4 36. Qd2 Bc5 37. Qb2 Rb8 38. Nh4 Qd7 39. Nf5 g6 40. Nxd6 Bxd6 41. Qd2 Rb6 42. Rxe5 f3 43. g3 Qf7 44. Rd5 Qe6 45. Qd4 Bf8 46. Rd7+ Kg8 47. Ra7 Rxb5 48. e5 Rxe5 49. Rxa4 Re2 50. Rxc4 Rxf2+ 51. Qxf2 Qxc4 52. Qxf3 Qa2+ 53. Kh1 Bxa3 54. Qa8+ Kf7 55. Qa7+ Ke6 56. Qa6+ Ke5 57. Qxg6 Qd5+ 58. Kh2 Qd2+ 59. Kh1 Qe1+ 60. Kh2 Qf2+ 61. Kh1 Qf1+ 62. Kh2 Bc5 63. Qh5+ Kd6 64. Qxh6+ Kc7 65. Qf4+ Qxf4 66. gxf4 Kd6 67. Kg3 Ke6 68. Kg4 Kf7 69. h4 Ba3 70. h5 Bb2 71. h6 Bxc3 72. h7 Bh8 73. f5 Kg7 74. f6+ Kxh7 75. f7 Kg7 76. f8=Q+ Kxf8 1/2-1/2


[Site "https://www.chess.com"]

[Event "Titled Tuesday Blitz August 3 2021"]
[White "Seo, Jung Min"]
[Black "Shtivelband, Richard"]
[WhiteFideId "1734687"]
[BlackFideId "2017342"]
[WhiteElo "2486"]
[BlackElo "2413"]
[Result "1-0"]
[Round "01"]
[TimeControl "180+1"]
[Date "2021.08.03"]
[WhiteClock "0:00:36"]
[BlackClock "0:00:10"]

1. e4 e5 2. Nc3 Nf6 3. g3 d5 4. exd5 Nxd5 5. Bg2 Nxc3 6. bxc3 Nc6 7. Nf3 Bc5 8. O-O O-O 9. d3 Qf6 10. Nd2 Bb6 11. a4 Re8 12. Qe2 Bf5 13. Nc4 Bc5 14. Rb1 b6 15. Qf3 e4 16. dxe4 Bxe4 17. Qxf6 gxf6 18. Bf4 Bxg2 19. Kxg2 Ne5 20. Bxe5 fxe5 21. Rfd1 Re7 22. Rd5 f6 23. Ne3 Bxe3 24. fxe3 Kf7 25. c4 c6 26. Rd6 Rc8 27. Rbd1 Rcc7 28. Kf3 f5 29. e4 fxe4+ 30. Kxe4 Kg7 31. R1d3 Rc8 32. Rd7 Re8 33. R3d6 c5 34. Rd5 Kf6 35. a5 h5 36. a6 h4 37. gxh4 Rxd7 38. Rxd7 Rh8 39. Rxa7 Rxh4+ 40. Kd5 Rxh2 41. Rb7 Rxc2 42. Rxb6+ Kf5 43. Kxc5 Ra2 44. Rh6 e4 45. Kb6 e3 46. Rh8 Ke4 47. Re8+ Kd4 48. c5 Rb2+ 49. Kc7 e2 50. a7 Ra2 51. Rxe2 Rxa7+ 52. Kb6 Rf7 53. c6 Kd5 54. c7 1-0


[Site "https://www.chess.com"]

[Event "Titled Tuesday Blitz August 3 2021"]
[White "Shahade, Gregory"]
[Black "Begunov, Konstantin"]
[WhiteFideId "2009064"]
[BlackFideId "4118510"]
[WhiteElo "2713"]
[BlackElo "2262"]
[Result "1-0"]
[Round "01"]
[TimeControl "180+1"]
[Date "2021.08.03"]
[WhiteClock "0:00:13"]
[BlackClock "0:00:07"]

1. e4 c5 2. Nf3 d6 3. d4 cxd4 4. Nxd4 Nf6 5. Nc3 a6 6. Be3 Ng4 7. Bc1 Nc6 8. f3 Qb6 9. fxg4 Qxd4 10. Bd3 e6 11. Qe2 Ne5 12. Be3 Qb4 13. O-O-O Be7 14. a3 Qa5 15. h3 Bd7 16. Qf2 Bd8 17. Be2 Rc8 18. Bd4 O-O 19. Qg3 Bc6 20. Kb1 Bb6 21. Bxb6 Qxb6 22. Rxd6 Qc5 23. Rhd1 b5 24. b4 Qa7 25. Qxe5 Ba8 26. Kb2 Qe3 27. R6d3 Qf2 28. Qg3 Qb6 29. Qe3 Qc7 30. Rd7 Qe5 31. Qd4 Qf4 32. Rf1 Qg3 33. Bf3 Rc4 34. Qd3 g5 35. Rd1 Qe5 36. Kb3 Rfc8 37. Rd8+ Kg7 38. Rxc8 Rxc8 39. Qd4 Qxd4 40. Rxd4 Kf6 41. Rd6 Bc6 42. Rxc6 Rxc6 43. e5+ Kxe5 44. Bxc6 Kf4 45. a4 bxa4+ 46. Nxa4 Ke5 47. Nc5 Kd4 48. Nxa6 e5 49. b5 e4 50. b6 e3 51. Bb5 e2 52. Bxe2 1-0


[Site "https://www.chess.com"]

[Event "Titled Tuesday Blitz August 3 2021"]
[White "Shapkin, Anatoliy"]
[Black "Silva, Kaua Marques"]
[WhiteFideId "34108332"]
[BlackFideId "22701168"]
[WhiteElo "2223"]
[BlackElo "2013"]
[Result "1-0"]
[Round "01"]
[TimeControl "180+1"]
[Date "2021.08.03"]
[WhiteClock "0:00:04"]
[BlackClock "0:00:01"]

1. d4 Nf6 2. c4 c5 3. d5 b5 4. cxb5 e6 5. Nc3 a6 6. e4 exd5 7. Nxd5 axb5 8. Bxb5 Qa5+ 9. Nc3 Bb7 10. Ne2 Nxe4 11. O-O Be7 12. Nxe4 Qxb5 13. Nd6+ Bxd6 14. Qxd6 Qc6 15. Qe5+ Kf8 16. Nf4 f6 17. Qh5 g5 18. f3 gxf4 19. Bxf4 Ke7 20. Rfe1+ Kd8 21. Qf7 d5 22. Re7 Nd7 23. Rae1 Ne5 24. Bxe5 fxe5 25. Rxb7 c4 26. Rxe5 Kc8 27. Ree7 Rxa2 28. Rec7+ 1-0


[Site "https://www.chess.com"]

[Event "Titled Tuesday Blitz August 3 2021"]
[White "Shimelkov, Vasiliy"]
[Black "Neklyudov, Viacheslav I."]
[WhiteFideId "13701630"]
[BlackFideId "4125703"]
[WhiteElo "2073"]
[BlackElo "2359"]
[Result "1-0"]
[Round "01"]
[TimeControl "180+1"]
[Date "2021.08.03"]
[WhiteClock "0:00:24"]
[BlackClock "0:00:39"]

1. d4 f5 2. c4 Nf6 3. g3 e6 4. Bg2 d5 5. Nh3 c6 6. O-O Bd6 7. Nd2 Qe7 8. Nf3 Nbd7 9. Bf4 O-O 10. Bxd6 Qxd6 11. Nf4 Ne4 12. Qc2 b6 13. h4 Bb7 14. Rac1 Rac8 15. Rfd1 Qe7 16. cxd5 exd5 17. Nd3 c5 18. dxc5 bxc5 19. Qa4 a6 20. Nf4 Ndf6 21. Ng5 Rfd8 22. Nxe4 Nxe4 23. Bxe4 Qxe4 24. Qxe4 fxe4 25. Ne6 Rd6 26. Nxc5 Ba8 27. e3 Rb6 28. Na4 Rxc1 29. Rxc1 Rb4 30. Rc8+ Kf7 31. Rxa8 Rxa4 32. a3 Ke6 33. Ra7 d4 34. exd4 Rxd4 35. Rxg7 Rd1+ 36. Kg2 Rd2 37. Kf1 Rxb2 38. Rxh7 e3 39. fxe3 Kf5 40. Rh6 Kg4 41. Rxa6 Kxg3 42. h5 Kf3 43. Rf6+ Kxe3 44. h6 Ra2 45. h7 Rh2 46. Rf7 Ke4 47. a4 Ke5 48. a5 Ke6 49. Rb7 Kf6 50. a6 Kg6 51. a7 Rh1+ 52. Kg2 1-0


[Site "https://www.chess.com"]

[Event "Titled Tuesday Blitz August 3 2021"]
[White "Shkapenko, Pavel"]
[Black "Ferro, Mario"]
[WhiteFideId "4151933"]
[BlackFideId "810290"]
[WhiteElo "2386"]
[BlackElo "2360"]
[Result "1-0"]
[Round "01"]
[TimeControl "180+1"]
[Date "2021.08.03"]
[WhiteClock "0:01:21"]
[BlackClock "0:00:03"]

1. e4 c5 2. c3 d6 3. d4 Nf6 4. Bd3 e5 5. dxc5 dxc5 6. Nf3 Qc7 7. O-O Be7 8. Na3 a6 9. Nc4 Nc6 10. a4 b6 11. Bg5 O-O 12. Ne3 Be6 13. Bxf6 Bxf6 14. Bc4 Bxc4 15. Nxc4 b5 16. Ne3 Ne7 17. axb5 axb5 18. Qb3 Qc6 19. Nd5 c4 20. Nxe7+ Bxe7 21. Qc2 f6 22. Rfd1 Bc5 23. h3 Rxa1 24. Rxa1 Ra8 25. Rd1 g5 26. Nh2 Kg7 27. Nf1 Ra2 28. Qd2 b4 29. Ng3 bxc3 30. Qxc3 Bd4 31. Nf5+ Kf7 32. Qf3 Rxb2 33. Qh5+ Ke6 34. Rxd4 exd4 35. Nxd4+ 1-0


[Site "https://www.chess.com"]

[Event "Titled Tuesday Blitz August 3 2021"]
[White "Shyaamnikhil P"]
[Black "Tsotsonava, Elene"]
[WhiteFideId "5024218"]
[BlackFideId "13615939"]
[WhiteElo "2300"]
[BlackElo "1847"]
[Result "1-0"]
[Round "01"]
[TimeControl "180+1"]
[Date "2021.08.03"]
[WhiteClock "0:00:16"]
[BlackClock "0:00:01"]

1. e4 c5 2. Nc3 Nc6 3. Bb5 Nd4 4. Nf3 g6 5. O-O Bg7 6. Nxd4 cxd4 7. Ne2 Nf6 8. Nxd4 Nxe4 9. Qe2 Nc5 10. Nf3 O-O 11. d4 Ne6 12. d5 Nc7 13. Bc4 b5 14. Bb3 Bb7 15. Bg5 Nxd5 16. Rad1 Nf6 17. Ne5 d6 18. Qxb5 Qc8 19. Bxf6 Bxf6 20. Nd7 Ba6 21. Qa4 Bxf1 22. Kxf1 Rd8 23. Nxf6+ exf6 24. Qf4 d5 25. Qxf6 Qc5 26. h4 Rd6 27. Qd4 Qb5+ 28. Kg1 a5 29. h5 a4 30. h6 f6 31. Bxd5+ Kf8 32. c4 Qa6 33. Qc5 Rc8 34. Qa3 Ke8 35. Re1+ 1-0


[Site "https://www.chess.com"]

[Event "Titled Tuesday Blitz August 3 2021"]
[White "Siva Mahadevan"]
[Black "Pacheco Lugo, Alejandro Jose"]
[WhiteFideId "25043153"]
[BlackFideId "3903745"]
[WhiteElo "2203"]
[BlackElo "2125"]
[Result "1-0"]
[Round "01"]
[TimeControl "180+1"]
[Date "2021.08.03"]
[WhiteClock "0:00:02"]
[BlackClock "0:00:03"]

1. e4 c5 2. Nf3 d6 3. d4 cxd4 4. Nxd4 Nf6 5. Nc3 a6 6. Bg5 Nbd7 7. Qe2 h6 8. Bh4 e6 9. f4 Be7 10. O-O-O Qa5 11. Kb1 g5 12. Nb3 Qc7 13. fxg5 Nh7 14. Bg3 hxg5 15. Qd2 Ne5 16. Be2 Bd7 17. Rhf1 Nf8 18. Nd4 Nfg6 19. Nf5 exf5 20. Nd5 Qc6 21. exf5 Nh4 22. f6 Bf8 23. Qxg5 Nhg6 24. Qd2 Be6 25. c4 Rc8 26. Rc1 Bh6 27. Nf4 Qe4+ 28. Ka1 Nxc4 29. Bxc4 Rxc4 30. Rce1 Bxf4 31. Bxf4 Qc6 32. Bxd6 Rc2 33. Qb4 Rh4 34. Qa3 Ra4 35. Rxe6+ fxe6 36. Qe3 1-0


[Site "https://www.chess.com"]

[Event "Titled Tuesday Blitz August 3 2021"]
[White "Srihari L R"]
[Black "Manukian, Artak"]
[WhiteFideId "46617116"]
[BlackFideId "13301373"]
[WhiteElo "2121"]
[BlackElo "2391"]
[Result "1-0"]
[Round "01"]
[TimeControl "180+1"]
[Date "2021.08.03"]
[WhiteClock "0:00:48"]
[BlackClock "0:00:09"]

1. d4 Nf6 2. c4 d6 3. Nf3 g6 4. Nc3 Bg7 5. Bg5 O-O 6. Qd2 c5 7. d5 Na6 8. h4 h5 9. e4 Nc7 10. Be2 a6 11. a4 Rb8 12. Bh6 e5 13. Bxg7 Kxg7 14. Ng5 Rh8 15. f3 Nh7 16. f4 Qf6 17. O-O Rf8 18. fxe5 Qxe5 19. Nf3 Qe7 20. e5 Bg4 21. exd6 Qxd6 22. Ne4 Qd8 23. Nxc5 b5 24. axb5 axb5 25. d6 Ne6 26. Nxe6+ Bxe6 27. c5 Bc4 28. b4 Bxe2 29. Qxe2 Re8 30. Qb2+ Qf6 31. Nd4 Qxh4 32. Nf5+ 1-0


[Site "https://www.chess.com"]

[Event "Titled Tuesday Blitz August 3 2021"]
[White "Swicarz, Maciej"]
[Black "Zubov, Alexander"]
[WhiteFideId "1113585"]
[BlackFideId "14109409"]
[WhiteElo "2199"]
[BlackElo "2740"]
[Result "0-1"]
[Round "01"]
[TimeControl "180+1"]
[Date "2021.08.03"]
[WhiteClock "0:00:01"]
[BlackClock "0:00:20"]

1. c4 c5 2. Nf3 g6 3. d4 cxd4 4. Nxd4 Nf6 5. Nc3 d5 6. e3 Bg7 7. Nf3 Qa5 8. Bd2 dxc4 9. Bxc4 Qc5 10. Bb3 O-O 11. O-O Nc6 12. Rc1 Qh5 13. h3 Bf5 14. Qe2 Ne4 15. Nxe4 Bxe4 16. Bc3 Bxc3 17. Rxc3 Rad8 18. Rd1 Rxd1+ 19. Bxd1 Rd8 20. Rc1 Qa5 21. a3 Bxf3 22. Qxf3 Qd2 23. Rb1 Ne5 24. Qe2 g5 25. Qxd2 Rxd2 26. Kf1 Nd3 27. Be2 Nxb2 28. Ke1 Rc2 29. g3 b6 30. f4 gxf4 31. gxf4 Kg7 32. Kf2 Nd3+ 33. Kf3 Nc5 34. Bb5 Ra2 35. a4 Nxa4 36. Bc4 Ra3 37. Rd1 Rc3 38. Bb5 Nc5 39. Ra1 a5 40. Rb1 Rb3 41. Rxb3 Nxb3 42. Ke4 Kf6 43. Kd3 Nc5+ 44. Kd4 e6 45. e4 Ke7 46. e5 h6 47. Kc4 f6 48. Kd4 fxe5+ 49. Kxe5 a4 50. Kd4 a3 51. Kc3 Kf6 52. Bc4 Kf5 53. Kb4 Kxf4 54. Kxa3 e5 55. Kb4 Ne4 56. Bf1 Nd6 57. Kc3 Ke3 58. Kc2 e4 59. Kd1 Kf2 60. Ba6 e3 61. Bd3 b5 62. h4 b4 63. h5 b3 64. Ba6 Ne4 0-1


[Site "https://www.chess.com"]